 Dungeon Crawl Stone Soup version 0.29-a0-997-gf6f7e2dfe7 (webtiles) character file.

Game seed: 9116515022709870408

6893 porpoise the Fighter (level 11, -7/87 HPs)
             Began as a Djinni Fire Elementalist on Aug 5, 2022.
             Was a High Priest of Ru.
             Mangled by a soul eater (20 damage)
             ... on level 9 of the Dungeon.
             The game lasted 00:51:32 (14303 turns).

porpoise the Fighter (Djinni Fire Elementalist)    Turns: 14303, Time: 00:51:32

Health: -7/87      AC:  4    Str:  7    XL:     11   Next: 27%
Gold:   387        EV: 16    Int: 20    God:    Ru [*****.] SH:  0 Dex: 21

rFire   + + .      SeeInvis .   a - +4 whip (elec)
rCold   x . .      Faith    .   (shield unavailable)
rNeg    . . .      Spirit   .   f - +1 leather armour {Will+}
rPois   ∞          Reflect  .   (no helmet)
rElec   .          Harm     .   (no cloak)
rCorr   .          Rampage  .   (no gloves)
Will    ++...                   (boots unavailable)
Stlth   ++........              (no amulet)
HPRegen 0.24/turn               (ring unavailable)
MPRegen 0.00/turn               r - +6 ring of dexterity

@: mighty, flying
A: sickness immunity, fire resistance 2, cold vulnerability 1, missing a hand,
inability to use devices, float, innate caster, HP casting, extra vitality 1
a: Renounce Religion, Draw Out Power, Power Leap, Apocalypse


You were on level 9 of the Dungeon.
You worshipped Ru.
Ru was extremely pleased with you.
You visited 2 branches of the dungeon, and saw 10 of its levels.

You collected 427 gold pieces.
You spent 40 gold pieces at shops.

Inventory:

Hand Weapons
 a - a +4 whip of electrocution (weapon)
 b - a +0 sling
 d - a +3 dagger of venom
 e - a +2 whip of draining
Missiles
 j - 2 curare-tipped darts
 m - a throwing net
 v - 2 silver javelins
 y - 2 boomerangs
 A - 13 poisoned darts
 C - 6 javelins
Armour
 c - a +0 robe
 f - a +1 leather armour of willpower (worn)
 l - the +0 leather armour of Duty {+Inv Int+5 Dex-3 Stlth+}
   (You took it off a kobold on level 6 of the Dungeon)

   Int:       It affects your intelligence (+5).
   Dex:       It affects your dexterity (-3).
   +Inv:      It lets you turn invisible.
   Stlth:     It makes you more stealthy.
 o - an orb of mayhem
Jewellery
 k - an amulet of faith
 p - a ring of ice
 r - a +6 ring of dexterity (right hand)
Scrolls
 h - 9 scrolls of teleportation
 B - a scroll of immolation
 D - a scroll of poison {unknown}
 E - a scroll of brand weapon {unknown}
Potions
 g - 2 potions of curing
 i - a potion of cancellation
 n - 4 potions of lignification
 q - 2 potions of mutation
 s - a potion of might
 t - 3 potions of brilliance
 u - a potion of invisibility
 w - a potion of ambrosia
 x - a potion of heal wounds {unknown}
 z - a potion of haste
 F - a potion of attraction {unknown}


   Skills:
 + Level 11.5 Fighting
 - Level 2.0 Maces & Flails
 - Level 5.0 Armour
 - Level 7.0 Dodging
 - Level 1.5 Stealth
 - Level 7.0 Spellcasting


You couldn't memorise any spells.
You knew the following spells:

 Your Spells              Type           Power      Damage    Failure   Level
a - Foxfire               Conj/Fire      100%       2x1d9     1%          1
b - Scorch                Fire           70%        2d9       1%          2
c - Conjure Flame         Conj/Fire      35%        6-21      2%          3
d - Inner Flame           Hex/Fire       35%        N/A       2%          3
e - Flame Wave            Conj/Fire      35%        2d10      8%          4
f - Summon Small Mammal   Summ           100%       N/A       1%          1
g - Static Discharge      Conj/Air       35%        3-8/arc   1%          2
h - Tukima's Dance        Hex            35%        N/A       2%          3
i - Airstrike             Air            17%        2d(3-19)  8%          4
j - Corpse Rot            Necr/Pois/Air  35%        N/A       8%          4
Your spell library was empty.

Dungeon Overview and Level Annotations

Branches:
Dungeon (9/15)             Temple (1/1) D:4
   Lair: D:8-11         Orc: D:9-12

Altars:
Ashenzari
Cheibriados
Dithmenos
Elyvilon
Fedhas
Gozag
Hepliaklqana
Makhleb
Nemelex Xobeh
Qazlal
Ru
Trog
Uskayaw
Wu Jian
Xom
Yredelemnul
Zin
The Shining One

Shops:
D:6 **([*


Innate Abilities, Weirdness & Mutations

You are immune to sickness and miasma.
You are immune to poison.
Your flesh is very heat resistant. (rF++)
You are vulnerable to cold. (rC-)
You are missing a hand.
You cannot study or use magical devices.
You float through the air rather than walking.
You learn spells naturally, not from books.
Your magical power is your life essence.
You have superior vitality. (+4 MHP)


Message History

The soul eater hits you!
Unknown command.
Casting: Airstrike (dangerous; 8% risk of failure)
Confirm with . or Enter, or press ? or * to list all spells.
Aiming: Airstrike (dangerous; 8% risk of failure)
Press: ? - help, Dir - move target, f/p - soul eater
Aim: a soul eater (heavily wounded, empty space bonus: 7/8)
The air twists around and strikes the soul eater!
The soul eater is severely wounded.
The soul eater barely misses you.
Unknown command.
Casting: Airstrike (dangerous; 8% risk of failure)
Confirm with . or Enter, or press ? or * to list all spells.
Aiming: Airstrike (dangerous; 8% risk of failure)
Press: ? - help, Dir - move target, f/p - soul eater
Aim: a soul eater (severely wounded, empty space bonus: 7/8)
The air twists around and strikes the soul eater but does no damage.
The soul eater hits you!
* * * LOW HITPOINT WARNING * * *
You focus your inner power and slow the soul eater in retribution!
Casting: Airstrike (dangerous; 8% risk of failure)
Confirm with . or Enter, or press ? or * to list all spells.
Aiming: Airstrike (dangerous; 8% risk of failure)
Press: ? - help, Dir - move target, f/p - soul eater
Aim: a soul eater (severely wounded, slow, empty space bonus: 7/8)
The air twists around and strikes the soul eater but does no damage.
* * * LOW HITPOINT WARNING * * *
You redirect the soul eater's attack!
The soul eater barely misses itself.
Casting: Airstrike (dangerous; 8% risk of failure)
Confirm with . or Enter, or press ? or * to list all spells.
Aiming: Airstrike (dangerous; 8% risk of failure)
Press: ? - help, Dir - move target, f/p - soul eater
Aim: a soul eater (severely wounded, not watching you, slow, empty space bonus: 7/8)
The air twists around and strikes the soul eater but does no damage.
* * * LOW HITPOINT WARNING * * *
Unknown command.
You feel very mighty all of a sudden. The soul eater hits you!!
You die...

### ..# ..# ########## ..#
###........# ..######.'......@.#
......##.#......3.#
......'..#........# ##########
.....)####........######....Y/.Y.
......# #..>.....##.....########
......# #........'..##### ####'##
#.....)).#### ###..# #######'##
....## #.##


You could see a soul eater (slow).

Vanquished Creatures
  A two-headed ogre (D:9)
  A rust devil (D:9)
  A red devil (D:9)
  Prince Ribbit (D:9)
  A hornet (D:8)
  6 yaks (D:9)
  A wyvern (D:8)
  A dancing weapon (D:9)
  Menkaure (D:4)
  Edmund (D:6)
  2 acid dragons
  3 water moccasins
  An ice beast (D:6)
  An orc warrior (D:7)
  2 sky beasts (D:6)
  An ogre (D:6)
  A centaur (D:6)
  4 phantoms
  2 bullfrogs
  2 kobold brigands
  A necrophage (D:5)
  A gnoll sergeant (D:8)
  4 scorpions
  3 wights (D:7)
  6 killer bees (D:9)
  3 orc priests
  2 quasits (D:9)
  3 hounds
  3 jellies
  2 gnoll boudas
  Ijyb (D:5)
  6 iguanas
  3 orc wizards
  A statue (D:8)
  16 gnolls
  10 adders
  2 shadow imps
  2 white imps (D:7)
  An ufetubus (D:5)
  3 worms (D:2)
  9 dart slugs
  13 orcs
  4 bats
  7 endoplasms
  A giant cockroach (D:1)
  3 goblins
  11 hobgoblins
  A quokka (D:2)
  11 ball pythons
  2 frilled lizards
  11 kobolds
  8 rats
188 creatures vanquished.

Vanquished Creatures (collateral kills)
  A two-headed ogre (D:8)
  A centaur (D:8)
  A wight (D:7)
  3 gnolls
  4 kobolds
10 creatures vanquished.

Vanquished Creatures (others)
  2 dancing weapons (D:8)
  3 demonic plants (D:9)
  249 foxfires
254 creatures vanquished.

Grand Total: 452 creatures vanquished

Notes
Turn   | Place    | Note
-------+----------+-------------------------------------------
     0 | D:1      | porpoise the Djinni Fire Elementalist began the quest for
                  | the Orb.
     0 | D:1      | porpoise set off with the following spells memorised:
                  | Foxfire, Scorch, Conjure Flame, Inner Flame, Flame Wave.
     0 | D:1      | Reached XP level 1. HP: 15/15 MP: 0/0
   161 | D:1      | Reached skill level 1 in Fighting
   161 | D:1      | Reached XP level 2. HP: 19/22 MP: 0/0
  1070 | D:1      | Reached XP level 3. HP: 27/28 MP: 0/0
  1070 | D:1      | Learned a level 1 spell: Summon Small Mammal
  1220 | D:2      | Found a faded altar of an unknown god.
  1239 | D:2      | Reached skill level 2 in Fighting
  1740 | D:2      | Reached XP level 4. HP: 32/34 MP: 0/0
  2086 | D:2      | Reached skill level 3 in Fighting
  2926 | D:3      | Reached XP level 5. HP: 37/40 MP: 0/0
  2926 | D:3      | Learned a level 2 spell: Static Discharge
  3370 | D:3      | Reached XP level 6. HP: 44/47 MP: 0/0
  3498 | D:3      | Reached skill level 4 in Fighting
  4473 | D:4      | Found a staircase to the Ecumenical Temple.
  4495 | Temple   | Entered the Ecumenical Temple
  4777 | Temple   | Became a worshipper of Ru the Awakened
  4864 | D:4      | Noticed Menkaure
  4867 | D:4      | Killed Menkaure
  4868 | D:4      | Reached XP level 7. HP: 48/53 MP: 0/0
  4868 | D:4      | Learned a level 3 spell: Tukima's Dance
  4906 | D:4      | Reached skill level 5 in Fighting
  5176 | D:5      | Entered Level 5 of the Dungeon
  5226 | D:5      | Noticed a water moccasin
  5233 | D:5      | Killed a water moccasin
  5563 | D:5      | Reached XP level 8. HP: 26/61 MP: 0/0
  5798 | D:5      | Found a shimmering altar of Xom.
  5975 | D:5      | Found a stormy altar of Qazlal.
  5978 | D:5      | Found a burning altar of Makhleb.
  6059 | D:5      | Noticed Ijyb
  6065 | D:5      | Reached skill level 6 in Fighting
  6065 | D:5      | Reached skill level 5 in Spellcasting
  6190 | D:5      | Killed Ijyb
  6589 | D:5      | Gained mutation: You cannot study or use magical devices.
                  | [Ru sacrifice]
  6589 | D:5      | Reached * piety under Ru
  6589 | D:5      | Reached ** piety under Ru
  7142 | D:6      | Found Bic Qezi's Antique Weapon Shoppe.
  7539 | D:6      | Reached skill level 7 in Fighting
  7623 | D:6      | Found Esko's General Store.
  7628 | D:6      | Bought 2 scrolls of identify for 40 gold pieces
  7997 | D:6      | Reached XP level 9. HP: 59/68 MP: 0/0
  7997 | D:6      | Learned a level 4 spell: Airstrike
  8051 | D:6      | Found Boido's Armour Shop.
  8407 | D:6      | Noticed Edmund
  8417 | D:6      | Killed Edmund
  8720 | D:6      | Identified the +0 leather armour of Duty {+Inv Int+5 Dex-3
                  | Stlth+}
  8738 | D:6      | Reached skill level 8 in Fighting
  9113 | D:6      | Found Qiocsael's General Store.
  9430 | D:6      | Found Uffem's General Store.
 10065 | D:7      | Reached skill level 9 in Fighting
 10065 | D:7      | Reached skill level 1 in Maces & Flails
 10397 | D:7      | Found a bloodstained altar of Trog.
 10408 | D:7      | Reached skill level 1 in Armour
 10528 | D:7      | Reached XP level 10. HP: 56/78 MP: 0/0
 11785 | D:8      | Reached skill level 5 in Dodging
 12301 | D:8      | Noticed a two-headed ogre
 12306 | D:8      | Killed a two-headed ogre
 12307 | D:8      | Reached skill level 5 in Armour
 12835 | D:9      | Noticed a two-headed ogre
 12843 | D:9      | Killed a two-headed ogre
 12867 | D:9      | Noticed a rust devil
 12876 | D:9      | Killed a rust devil
 13040 | D:9      | Noticed Prince Ribbit
 13047 | D:9      | Reached skill level 10 in Fighting
 13047 | D:9      | Reached XP level 11. HP: 37/85 MP: 0/0
 13047 | D:9      | Learned a level 4 spell: Corpse Rot
 13047 | D:9      | Killed Prince Ribbit
 13639 | D:9      | Gained mutation: You are missing a hand. [Ru sacrifice]
 13639 | D:9      | Reached *** piety under Ru
 13639 | D:9      | Reached **** piety under Ru
 13639 | D:9      | Reached ***** piety under Ru
 13644 | D:9      | Reached skill level 11 in Fighting
 13962 | D:9      | Noticed a soul eater
 14303 | D:9      | Mangled by a soul eater

Illustrated notes

Levels and vault maps discovered:
D:1:      lightli_arrival_quake, layout_basic, minmay_misc_feat_roman
D:2:      layout_loops_corners, serial_aquarium, aquarium_bridge_long_joined
          [aquarium_subvault_window, aquarium_subvault_wall,
          aquarium_subvault_window, aquarium_subvault_window,
          aquarium_subvault_bridge, aquarium_subvault_bridge],
          aquarium_bridge_square [aquarium_subvault_window,
          aquarium_subvault_bridge, aquarium_subvault_wall,
          aquarium_subvault_window], aquarium_window_1, aquarium_window_2,
          aquarium_view_2b, aquarium_view_2c, nicolae_ecumenical_pavilion,
          basic_altar, minivault_4, minmay_surrounded
D:3:      layout_basic
D:4:      layout_rooms, minmay_temple_entry_grid, uniq_menkaure
D:5:      layout_layer_cave, nicolae_overflow_squiral, marbit_many_paths,
          uniq_ijyb
D:6:      layout_loops_ring, serial_shops, shop, nicolae_take_the_stairs, shop,
          shop, kennysheep_little_box, minivault_24, uniq_edmund
D:7:      layout_gridville, trog_butcher_becter, minmay_misc_feat_enclosed
D:8:      layout_cave_pods, vehumet_statue, serial_column_ruins,
          column_ruins_hut, column_ruins_hut, column_ruins_columns_straight,
          column_ruins_open_small_water, column_ruins_grid_1,
          column_ruins_open_tiny, column_ruins_open_medium, minivault_1,
          abandoned_shop, minivault_24
D:9:      layout_roguey, serial_demonic, serial_demonic_c, serial_demonic_b,
          serial_demonic_f, serial_demonic_e, uniq_prince_ribbit1, uniq_maurice
Temple:   compressed_dpeg_triangle_lava_temple

Skill      XL: |  1  2  3  4  5  6  7  8  9 10 11 |
---------------+----------------------------------+-----
Fighting       | 1 2 3 4 5 7 9 10 11 | 11.5
Spellcasting   | 3 4 6 7 |  7.0
Maces & Flails | 2 |  2.0
Armour         | 2 5 |  5.0
Dodging        | 7 |  7.0
Stealth        | |  1.5

Action                   |  1- 3 |  4- 6 |  7- 9 | 10-12 || total
-------------------------+-------+-------+-------+-------++-------
Melee: Short sword       |    15 |     2 |       |       ||    17
       Unarmed           |     3 |       |       |       ||     3
       Punch             |     1 |       |       |       ||     1
       Dagger            |       |       |     5 |       ||     5
       Whip              |       |       |    22 |    17 ||    39
 Fire: Sling             |       |    34 |    26 |     9 ||    69
 Cast: Foxfire           |    42 |    29 |    54 |    18 ||   143
       Scorch            |     3 |    34 |    85 |    25 ||   147
       Tukima's Dance    |       |       |    13 |    11 ||    24
       Summon Small Mamm |       |       |     4 |       ||     4
       Static Discharge  |       |       |     6 |     4 ||    10
       Conjure Flame     |       |       |     4 |       ||     4
       Airstrike         |       |       |     2 |    51 ||    53
       Flame Wave        |       |       |       |     3 ||     3
       Corpse Rot        |       |       |       |     1 ||     1
Invok: Sacrifice Artific |       |       |     1 |       ||     1
       Sacrifice a Hand  |       |       |       |     1 ||     1
  Use: Scroll            |       |     6 |     9 |     3 ||    18
       Potion            |       |       |       |     2 ||     2
Armor: Robe              |     3 |     5 |     6 |       ||    14
       Leather armour    |       |       |     8 |    12 ||    20
Dodge: Dodged            |    17 |    14 |    67 |    59 ||   157

Table legend: (Time is in decaauts)
 A = Elapsed time spent in this place.
 B = Non-inter-level travel time spent in this place.
 C = Inter-level travel time spent in this place.
 D = Time resting spent in this place.
 E = Time spent auto-exploring this place.
 F = Levels seen in this place.
 G = Mean time per level.
                   A        B        C        D        E       F      G
               +--------+--------+--------+--------+--------+-----+--------+
         Total |  14312 |  13967 |    345 |   6058 |   6280 |  10 | 1431.2 |
       Dungeon |  14012 |  13685 |    327 |   6058 |   6014 |   9 | 1556.9 |
        Temple |    300 |    282 |     18 |      0 |    266 |   1 |  300.0 |
               +--------+--------+--------+--------+--------+-----+--------+

Top non-repeatable levels by time:
     D:8: 2326 daAuts
     D:5: 2219 daAuts
     D:6: 2196 daAuts
     D:7: 1590 daAuts
     D:2: 1583 daAuts
     D:3: 1538 daAuts
     D:1: 1220 daAuts
     D:9: 682 daAuts
     D:4: 654 daAuts
  Temple: 300 daAuts
